 Dungeon Crawl Stone Soup version 0.30-a0-956-gcec3b41aec (webtiles) character file.

Game seed: 14613145480194238883

1080 lunkers the Basher (level 8, 0/67 HPs)
             Began as a Meteoran Fighter on Mar 29, 2023.
             Was an Initiate of Ru.
             Slain by an ufetubus (1 damage)
             ... on level 6 of the Dungeon.
             The game lasted 00:08:50 (1912 turns).

lunkers the Basher (Meteoran Fighter)               Turns: 1912, Time: 00:08:50

Health: 0/67       AC:  6    Str: 19    XL:     8   Next: 85%
Magic:  9/9        EV: 10    Int: 11    God:    Ru [......]
Gold:   195        SH:  4    Dex: 11    Spells: 7/7 levels left

rFire   . . .      SeeInvis .    b - +2 flail (protect)
rCold   . . .      Faith    .    c - +0 buckler
rNeg    + . .      Spirit   .    f - +2 leather armour {rN+}
rPois   .          Reflect  .    (no helmet)
rElec   .          Rampage  .    r - +0 cloak
rCorr   .                        (no gloves)
Will    +....                    (no boots)
Stlth   +                        (no amulet)
HPRegen 0.31/turn                (no ring)
MPRegen 0.11/turn                (no ring)

@: about to teleport, slowed, glowing, very slow
A: clumsy 1, sense surroundings 1, otherworldly, glowing, explore regen
a: Renounce Religion


You were on level 6 of the Dungeon.
You worshipped Ru.
Ru was noncommittal.
You visited 1 branch of the dungeon, and saw 6 of its levels.

You collected 195 gold pieces.

Inventory:

Hand Weapons
 a - a +0 flail
 b - a +2 flail of protection (weapon)
Armour
 c - a +0 buckler (worn)
 f - a +2 leather armour of positive energy (worn)
 g - a +0 scale mail
 q - a +0 ring mail of cold resistance
 r - a +0 cloak (worn)
Wands
 o - a wand of mindburst (16)
 t - a wand of roots (18)
Scrolls
 e - a scroll of identify
 n - 2 scrolls of enchant weapon
Potions
 d - 2 potions of might
 h - a potion of ambrosia
 i - 2 potions of curing
 l - a potion of berserk rage


   Skills:
 + Level 4.3 Fighting
 * Level 11.1 Maces & Flails
 + Level 4.7 Armour
 - Level 3.6 Shields
 + Level 2.8 Evocations


You had 7 spell levels left.
You didn't know any spells.
Your spell library contained the following spells:

 Spells                   Type           Power      Damage    Failure   Level
 Blink                    Tloc           0%         N/A       63%         2
 Ensorcelled Hibernation  Hex/Ice        0%         N/A       63%         2
 Spider Form              Tmut/Pois      0%         N/A       86%         3
 Anguish                  Hex/Necr       0%         N/A       99%         4
 Manifold Assault         Tloc           0%         N/A       99%         4
 Storm Form               Tmut/Air       0%         N/A       100%        7


Dungeon Overview and Level Annotations

Branches:
Dungeon (6/15) Zot: 1654   Temple (0/1) D:5

Altars:
Elyvilon
Ru
Zin
The Shining One

Shops:
D:5 =


Innate Abilities, Weirdness & Mutations

You are clumsy. (Dex -2)
You passively map a small area around you.
You are easily found by Zot.
You glow in the dark.
You regain HP and MP as you explore.


Message History

Aiming: Fastroot
Press: ? - help, Shift-Dir - straight line, f - hornet
Aim: a hornet The roots erupt in riotous growth!
Roots grab the hornet.
Roots grab the orc.
The jelly is unaffected.
The grasping roots constrict the orc!
The grasping roots constrict the hornet!
You feel sick.
You hear a shout!
The hornet stings you.
* * * LOW HITPOINT WARNING * * *
You are more poisoned.
You feel yourself slow down. The hornet stings you!
* * * LOW HITPOINT WARNING * * *
You feel as though you will be slow longer.
You block something's attack.
The grasping roots constrict the orc!
You kill the orc!
The grasping roots constrict the hornet!
* * * LOW HITPOINT WARNING * * *
You feel extremely sick.
The roots release their grip on the hornet.
The hornet stings you.
* * * LOW HITPOINT WARNING * * *
You suddenly lose the ability to move!
You can move again.
You feel better. You block the hornet's attack.
Something hits you but does no damage.
The hornet stings you but does no damage.
Something hits you but does no damage.
As you read the scroll of teleportation, it crumbles to dust.
You feel strangely unstable. The hornet stings you.
* * * LOW HITPOINT WARNING * * *
You shrug off the repeated paralysis!
The hornet stings you.
* * * LOW HITPOINT WARNING * * *
You feel as though you will be slow longer.
The ufetubus hits you.
* * * LOW HITPOINT WARNING * * *
The ufetubus hits you.
You die...

#.....#.........,,,,,,
#.....'.........,,,,,,
#.....#.........,,,,,,
########....#.........,,,,,,
##.....##....##.......#*,,,,,
#......##....##.$.....#*,,,,,
#............J)).......,,,,,,
****##.........5{y#........,,,,,,
,,,,*#..........@.#5.......,,,,,,
,,,,*#.....##.....#........,,,,,,
,,,,*#.....##.....#........,,,,,,
,,,,,+............#...J....,,,,,,
######............#........,,,,,,
*...##.....########.......#*,,,,,
,#.........#*,,,,*#.......#******
##..##.....#*,,,,,*,,,,,,,,,,,,,,
#...###'#####..,,,*,,,,,,,,,,****


You could see a hornet, a jelly and an ufetubus.

Vanquished Creatures
  2 ice beasts (D:6)
  4 ogres
  A centaur (D:6)
  A phantom (D:6)
  A scorpion (D:5)
  3 howler monkeys
  A hound (D:4)
  An orc priest (D:6)
  An orc wizard (D:3)
  6 adders
  3 white imps (D:5)
  A dart slug (D:5)
  6 orcs
  4 endoplasms
  3 giant cockroaches
  3 goblins
  6 hobgoblins
  11 jackals
  3 kobolds
  5 quokkas
  8 ball pythons
  5 bats
  2 frilled lizards
  3 rats
84 creatures vanquished.

Notes
Turn   | Place    | Note
-------+----------+-------------------------------------------
     0 | D:1      | lunkers the Meteoran Fighter began the quest for the Orb.
     0 | D:1      | Reached XP level 1. HP: 19/19 MP: 2/2
    49 | D:1      | Reached skill level 3 in Maces & Flails
    75 | D:1      | Reached XP level 2. HP: 16/26 MP: 3/3
   173 | D:1      | Reached skill level 4 in Maces & Flails
   291 | D:1      | Reached XP level 3. HP: 26/31 MP: 4/4
   443 | D:2      | Reached skill level 5 in Maces & Flails
   504 | D:2      | Found a faded altar of an unknown god.
   511 | D:2      | Reached XP level 4. HP: 38/38 MP: 5/5
   527 | D:2      | Prayed at the altar of an unknown god.
   527 | D:2      | Became a worshipper of Ru the Awakened
   679 | D:3      | Reached skill level 6 in Maces & Flails
   679 | D:3      | Reached XP level 5. HP: 10/45 MP: 6/6
   966 | D:4      | Noticed an ogre
   976 | D:4      | Killed an ogre
   977 | D:4      | Reached skill level 7 in Maces & Flails
   977 | D:4      | Reached XP level 6. HP: 32/51 MP: 7/7
   977 | D:4      | Gained mutation: You are clumsy. (Dex -2) [Ru sacrifice]
  1297 | D:4      | Reached skill level 8 in Maces & Flails
  1346 | D:5      | Entered Level 5 of the Dungeon
  1386 | D:5      | Noticed an ogre
  1394 | D:5      | Killed an ogre
  1395 | D:5      | Reached XP level 7. HP: 57/57 MP: 8/8
  1466 | D:5      | Reached skill level 9 in Maces & Flails
  1521 | D:5      | Found Gyen's Jewellery Shoppe.
  1569 | D:5      | Reached skill level 10 in Maces & Flails
  1663 | D:5      | Found a staircase to the Ecumenical Temple.
  1670 | D:5      | Reached XP level 8. HP: 63/63 MP: 9/9
  1681 | D:5      | Reached skill level 1 in Evocations
  1740 | D:5      | Found a glowing silver altar of Zin.
  1740 | D:5      | Found a glowing golden altar of the Shining One.
  1741 | D:5      | Found a white marble altar of Elyvilon.
  1884 | D:6      | Reached skill level 11 in Maces & Flails
  1891 | D:6      | Noticed a hornet
  1907 | D:6      | Paralysed by a hornet for 1 turns
  1910 | D:6      | Paralysed by a hornet for 1 turns
  1912 | D:6      | HP: 3/67 [hornet (5)]
  1912 | D:6      | HP: 1/67 [ufetubus (2)]
  1912 | D:6      | Slain by an ufetubus

Illustrated notes

Levels and vault maps discovered:
D:1:      dpeg_arrival_solitude, layout_basic
D:2:      layout_loops_ring, nicolae_ecumenical_snake_handling, serial_shops,
          shop, nicolae_shop_waterfront
D:3:      layout_basic, regret_index_temple_of_mockery
D:4:      layout_cave_pods, minmay_pentangle
D:5:      layout_gridville, good_gods_mini_temple,
          minmay_temple_entry_sparse_star, serial_shops,
          nicolae_shop_behind_doors, corexii_checkpoint_a,
          nicolae_underground_beach
D:6:      layout_gridville, grunt_temple_overflow_open, amethyst_killhole,
          minivault_26, kennysheep_generic_room_14, uniq_eustachio

Skill      XL: |  1  2  3  4  5  6  7  8 |
---------------+-------------------------+-----
Maces & Flails | 3 4 5 6 7 8 10 11 | 11.1
Evocations     | 2 |  2.8
Armour         | 4 |  4.7
Fighting       | 4 |  4.3
Shields        | |  3.6

Action                     |  1- 3 |  4- 6 |  7- 9 || total
---------------------------+-------+-------+-------++-------
  Melee: Flail             |    97 |   143 |   126 ||   366
 Invoke: Sacrifice Purity  |       |     1 |       ||     1
  Evoke: Wand              |       |       |     1 ||     1
    Use: Potion            |     1 |     1 |     1 ||     3
         Scroll            |       |       |    13 ||    13
   Stab: Distracted        |       |       |     1 ||     1
 Armour: Scale mail        |     7 |       |       ||     7
         Leather armour    |    34 |    66 |    67 ||   167
  Dodge: Dodged            |    45 |    70 |    46 ||   161
  Block: Buckler           |    18 |    37 |    24 ||    79

Table legend: (Time is in decaauts)
 A = Elapsed time spent in this place.
 B = Non-inter-level travel time spent in this place.
 C = Inter-level travel time spent in this place.
 D = Time resting spent in this place.
 E = Time spent auto-exploring this place.
 F = Levels seen in this place.
 G = Mean time per level.
                   A        B        C        D        E       F      G
               +--------+--------+--------+--------+--------+-----+--------+
         Total |   1944 |   1834 |    110 |      0 |   1027 |   6 |  324.0 |
       Dungeon |   1944 |   1834 |    110 |      0 |   1027 |   6 |  324.0 |
               +--------+--------+--------+--------+--------+-----+--------+

Top non-repeatable levels by time:
     D:5: 428 daAuts
     D:4: 383 daAuts
     D:2: 341 daAuts
     D:3: 331 daAuts
     D:1: 328 daAuts
     D:6: 130 daAuts
